 Dungeon Crawl Stone Soup version 0.23.1 (webtiles) character file.

Game seed: 0

11127 misha the Impaler (level 11, -9/93 HPs)
             Began as a Merfolk Berserker on Mar 7, 2019.
             Was a High Priest of Trog.
             Mangled by a titanic slime creature (95 damage)
             ... on level 13 of the Dungeon on Mar 8, 2019.
             The game lasted 00:51:09 (15042 turns).

misha the Impaler (Merfolk Berserker)              Turns: 15042, Time: 00:51:10

Health: -9/93      AC: 13    Str: 18    XL:     11   Next: 72%
Magic:  21/21      EV: 15    Int: 15    God:    Trog [*****.]
Gold:   697        SH:  0    Dex: 13    Spells: 10/10 levels left

rFire    . . .     SeeInvis .   D - +12 glaive of Prune {chop}
rCold    . . .     Gourm    .   (shield currently unavailable)
rNeg     . . .     Faith    .   F - +0 acid dragon scales
rPois    .         Spirit   .   J - +3 hat of Pondering {ponderous, MR+ MP+10 Int+5}
rElec    .         Reflect  .   (no cloak)
rCorr    +         Harm     .   H - +0 pair of gloves
MR       +....                  h - +0 pair of boots
Stlth    +.........             (no amulet)
HPRegen  0.25/turn              w - ring of resist corrosion
MPRegen  0.17/turn              (no ring)

@: slow
A: change form in water, swift swim, stealthy swim
a: Berserk, Trog's Hand, Brothers in Arms, Renounce Religion


You were on level 13 of the Dungeon.
You worshipped Trog.
Trog was extremely pleased with you.
You were very hungry.

You visited 2 branches of the dungeon, and saw 14 of its levels.
You also visited: Ossuary.

You collected 697 gold pieces.

Inventory:

Hand Weapons
 a - a +1 spear
 b - a +0 hunting sling
 D - the +12 glaive of Prune (weapon) {chop}
   (You found it on level 7 of the Dungeon)

   It inflicts extra damage upon your enemies.
 Q - a +5 antimagic lajatang
Missiles
 d - 300 stones (quivered)
 g - 35 poisoned needles
 x - 128 sling bullets
 E - 21 tomahawks
 L - 8 javelins
 O - a throwing net
Armour
 h - a +0 pair of boots (worn)
 F - +0 acid dragon scales (worn)
 H - a +0 pair of gloves (worn)
 J - the +3 hat of Pondering (worn) {ponderous, MR+ MP+10 Int+5}
   (You took it off Gastronok on level 9 of the Dungeon)

   It affects your intelligence (+5).
   It affects your resistance to hostile enchantments.
   It affects your magic capacity (+10).
 K - a +0 ring mail
Jewellery
 w - a ring of resist corrosion (left hand)
 M - an uncursed ring of fire {unknown}
Wands
 i - a wand of flame (7)
 s - a wand of paralysis (7)
 I - a wand of disintegration (6)
 N - a wand of polymorph (5)
Scrolls
 j - 7 scrolls of identify
 l - 6 scrolls of remove curse
 m - a scroll of enchant armour {unknown}
 r - a scroll of vulnerability {unknown}
 t - a scroll of magic mapping
 u - 5 scrolls of teleportation
 y - a scroll of holy word {unknown}
 G - a scroll of fog
 P - a scroll of enchant weapon
Potions
 e - 2 potions of brilliance
 f - a potion of agility
 k - 2 potions of flight
 n - a potion of berserk rage {unknown}
 o - 2 potions of lignification
 p - 2 potions of might
 q - 2 potions of resistance
 v - 3 potions of curing
 z - 3 potions of cancellation
 A - a potion of haste
 B - 2 potions of ambrosia
 C - 3 potions of heal wounds
Comestibles
 c - 20 rations


   Skills:
 + Level 11.3 Fighting
 * Level 17.0 Polearms
 + Level 5.9 Armour
 - Level 6.4 Dodging


You had 10 spell levels left.
You didn't know any spells.
Your spell library was empty.

Dungeon Overview and Level Annotations

Branches:
Dungeon (14/15)            Temple (1/1) D:4            Lair (0/6) D:11
    Orc (0/2) D:10
 Vaults: D:13-14

Altars:
Ashenzari
Cheibriados
Dithmenos
Elyvilon
Fedhas
Gozag
Hepliaklqana
Kikubaaqudgha
Makhleb
Okawaru
Qazlal
Ru
Sif Muna
Trog
Uskayaw
Vehumet
Wu Jian

Shops:
D:4 (   D:7 :*


Message History

The large slime creature barely misses you.
You barely miss the large slime creature.
The large slime creature is heavily wounded.
Two slime creatures merge to form a very large slime creature.
You hit the large slime creature.
The large slime creature is severely wounded.
The large slime creature hits you.
Two slime creatures merge to form a titanic slime creature.
Okay, then.
Okay, then.
Press: ? - help, v - describe, . - travel The floor, spattered with blood.
Unknown command.
Unknown command.
Unknown command.
The titanic slime creature hits you but does no damage.
There is a stone staircase leading down here.
The titanic slime creature hits you!!!!
Ouch! That really hurt!
You die...

##############
#.....W......#
.#....@J......#
#..............#####
###................#####
#............###......
#............# #######
#............#
#............#
#............#
##.###########


You could see a titanic slime creature and a hungry ghost.

Vanquished Creatures
  Gastronok (D:9)
  2 two-headed ogres
  Pikel (D:7)
  An ugly thing (D:11)
  An oklob plant (D:11)
  Joseph (D:8)
  A kobold demonologist (D:11)
  A meliai zombie (D:14)
  A wraith (D:11)
  Sigmund (D:5)
  A vampire (D:9)
  2 acid dragons (D:7)
  A phantom (D:10)
  A hornet zombie (D:11)
  5 sky beasts
  A black bear (D:11)
  4 ice beasts
  4 orc warriors
  5 ogres
  3 centaurs
  A big kobold (D:10)
  6 bullfrogs
  A wyvern zombie (D:11)
  6 water moccasin zombies
  2 scorpions
  16 wights
  A howler monkey (D:3)
  3 crimson imps
  A quasit (D:10)
  A bullfrog zombie (D:9)
  A bullfrog skeleton (D:10)
  7 hounds
  5 jellies
  6 orc wizards
  2 centaur skeletons
  7 orc priests
  An iguana (D:9)
  Natasha (twice) (D:4)
  7 worker ants
  4 big kobold zombies (Ossuary)
  A hound skeleton (D:10)
  2 mummies (Ossuary)
  A worker ant zombie (D:9)
  13 adders
  4 gnolls (D:5)
  A shadow imp (D:7)
  4 adder zombies (Ossuary)
  3 worms
  2 dart slugs
  10 leopard geckos
  32 orcs
  2 giant cockroaches (D:2)
  5 gnoll zombies (Ossuary)
  9 goblins
  9 hobgoblins
  12 jackals
  4 quokkas
  6 bats
  5 frilled lizards
  A giant cockroach zombie (D:5)
  3 hobgoblin zombies (Ossuary)
  A jackal skeleton (D:4)
  A jackal zombie (D:7)
  12 kobolds
  6 kobold zombies (Ossuary)
  4 orc zombies (Ossuary)
  5 rats
276 creatures vanquished.

Vanquished Creatures (others)
  An adder skeleton (D:7)
1 creature vanquished.

Grand Total: 277 creatures vanquished

Notes
Turn   | Place    | Note
-------+----------+-------------------------------------------
     0 | D:1      | misha the Merfolk Berserker began the quest for the Orb.
     0 | D:1      | Reached XP level 1. HP: 18/18 MP: 1/1
   411 | D:1      | Reached skill level 5 in Polearms
   411 | D:1      | Reached XP level 2. HP: 24/24 MP: 2/2
  1051 | D:2      | Reached XP level 3. HP: 30/30 MP: 3/3
  1239 | D:2      | Found a bloodstained altar of Trog.
  1331 | D:2      | Reached skill level 6 in Polearms
  1432 | D:2      | Reached ** piety under Trog
  1432 | D:2      | Reached XP level 4. HP: 30/37 MP: 4/4
  2262 | D:3      | Reached skill level 7 in Polearms
  2262 | D:3      | Reached XP level 5. HP: 43/43 MP: 5/5
  2467 | D:3      | Found a hazy altar of Hepliaklqana.
  2886 | D:4      | Reached skill level 8 in Polearms
  2911 | D:4      | Reached XP level 6. HP: 32/50 MP: 6/6
  3376 | D:4      | Reached skill level 5 in Fighting
  3377 | D:4      | Reached *** piety under Trog
  3823 | D:4      | Found a staircase to the Ecumenical Temple.
  3863 | D:4      | Noticed Natasha
  3881 | D:4      | Killed Natasha
  3894 | D:4      | Reached skill level 9 in Polearms
  4004 | D:4      | Found Remuav's Weapon Shop.
  4030 | D:4      | Found a shattered altar of Ashenzari.
  4074 | D:4      | Found an ornate altar of the Wu Jian Council.
  4183 | D:5      | Entered Level 5 of the Dungeon
  4196 | D:5      | Found a shadowy altar of Dithmenos.
  4227 | Temple   | Entered the Ecumenical Temple
  4441 | D:4      | Reached XP level 7. HP: 47/56 MP: 7/7
  4789 | D:5      | Reached skill level 10 in Polearms
  5032 | D:5      | Found a deep blue altar of Sif Muna.
  5068 | D:5      | Noticed Sigmund
  5525 | D:5      | Killed Sigmund
  5525 | D:5      | Reached skill level 11 in Polearms
  5525 | D:5      | Reached XP level 8. HP: 65/65 MP: 8/8
  5669 | D:5      | Reached **** piety under Trog
  6763 | D:6      | Reached skill level 12 in Polearms
  8017 | D:7      | Found a transporter.
  8026 | D:7      | Found Sagol's Book Shoppe.
  8051 | D:7      | Found Tokaf's Elemental Accessories.
  8061 | D:7      | Found a sand-covered staircase.
  8067 | Ossuary  | Entered an ossuary
  8258 | Ossuary  | Reached skill level 13 in Polearms
  8289 | Ossuary  | Reached XP level 9. HP: 37/74 MP: 9/9
  8773 | Ossuary  | Reached ***** piety under Trog
  8937 | D:7      | HP: 1/74 [centaur/arrow (3)]
  9370 | D:6      | Found a stormy altar of Qazlal.
  9885 | D:7      | Found a transporter.
  9891 | D:7      | Found the +12 glaive of Prune {chop}
 10132 | D:7      | Found a blossoming altar of Fedhas.
 10170 | D:7      | Noticed Pikel
 10196 | D:7      | Killed Pikel
 10196 | D:7      | Reached skill level 14 in Polearms
 10618 | D:7      | Reached skill level 5 in Dodging
 10805 | D:8      | Noticed Joseph
 10810 | D:8      | Killed Joseph
 10810 | D:8      | Reached XP level 10. HP: 41/83 MP: 10/10
 11001 | D:8      | Noticed a two-headed ogre
 11008 | D:8      | Killed a two-headed ogre
 11071 | D:8      | Found a sacrificial altar of Ru.
 11426 | D:8      | Found an iron altar of Okawaru.
 11717 | D:9      | Noticed Gastronok
 11739 | D:9      | Killed Gastronok
 11739 | D:9      | Reached skill level 10 in Fighting
 11739 | D:9      | Reached skill level 15 in Polearms
 11873 | D:9      | Reached XP level 11. HP: 92/92 MP: 11/11
 11901 | D:9      | Reached skill level 5 in Armour
 12442 | D:4      | Noticed Natasha
 12448 | D:4      | Killed Natasha
 12779 | D:10     | Entered Level 10 of the Dungeon
 12986 | D:10     | Found a staircase to the Orcish Mines.
 13792 | D:11     | Noticed a brown ugly thing
 13799 | D:11     | Killed a brown ugly thing
 13799 | D:11     | Reached skill level 16 in Polearms
 14134 | D:11     | Noticed a two-headed ogre
 14140 | D:11     | Killed a two-headed ogre
 14446 | D:11     | Noticed an oklob plant
 14512 | D:11     | Found a staircase to the Lair.
 14802 | D:11     | Killed an oklob plant
 14975 | D:11     | You fall through a shaft for 3 floors!
 14976 | D:14     | Received a gift from Trog
 14981 | D:14     | Reached skill level 17 in Polearms
 15042 | D:13     | Mangled by a titanic slime creature

Skill      XL: |  1  2  3  4  5  6  7  8  9 10 11 |
---------------+----------------------------------+-----
Polearms       | 5 6 7 8 9 11 13 14 15 17 | 17.0
Fighting       | 4 5 6 7 9 10 11 | 11.3
Dodging        | 5 6 |  6.4
Armour         | 3 4 5 |  5.9

Action                   |  1- 3 |  4- 6 |  7- 9 | 10-12 || total
-------------------------+-------+-------+-------+-------++-------
Melee: Spear             |    67 |    81 |   438 |       ||   586
       Glaive            |       |       |    23 |   222 ||   245
 Fire: Hunting sling     |    65 |   211 |    61 |       ||   337
Invok: Berserk           |     1 |     3 |    12 |     3 ||    19
  Use: Scroll            |     3 |     4 |    16 |     1 ||    24
       Potion            |       |     2 |       |       ||     2
 Stab: Sleeping          |     1 |       |     2 |     1 ||     4
       Distracted        |       |       |     1 |       ||     1
  Eat: Chunk             |     2 |     8 |    11 |    10 ||    31
       Ration            |       |     1 |     6 |     2 ||     9
Armor: Animal skin       |    10 |    27 |    70 |       ||   107
       Acid dragon scale |       |       |     1 |    39 ||    40
       Ring mail         |       |       |       |     1 ||     1
Dodge: Dodged            |    61 |   121 |   167 |    77 ||   426
